 Dungeon Crawl Stone Soup version 0.15.2 (webtiles) character file.

1414775 magipi the Shatterer (level 27, 267/267 (279) HPs)
             Began as an Ogre Hunter on Feb 2, 2015.
             Was the Champion of Dithmenos.
             Escaped with the Orb
             ... and 3 runes on Feb 6, 2015!
             The game lasted 11:37:07 (106611 turns).

magipi the Shatterer (Ogre Hunter)                Turns: 106611, Time: 11:37:07

HP 267/267 (279) AC 31     Str 26      XL: 27
MP  31/31        EV 20     Int 11      God: Dithmenos [******]
Gold 1523        SH  0     Dex 17      Spells: 11 memorised,  3 levels left

rFire  + + .     SeeInvis .     a - +8 giant spiked club (protect)
rCold  + + .     Clarity  .     m - +4 fire dragon armour
rNeg   + . .     rCorr    +     (shield restricted)
rPois  +         rRot     .     C - +2 hat {MR+}
rElec  +         Spirit   .     Q - +4 dragonskin cloak
SustAb .         Warding  .     (gloves unavailable)
rMut   +         Stasis   .     (boots unavailable)
Gourm  .                        E - amulet of resist mutation
MR     +++..                    y - ring "Zaxyusk" {+Blink rC+ Stlth+}
                                c - ring of protection from cold

@: very slightly contaminated, wreathed by umbra, extremely resistant to hostile
enchantments, very unstealthy
A: unfitting armour, blurry vision 1, low mp 1, tough skin 1, placid magic 2
a: Shadow Step, Shadow Form, Renounce Religion, Evoke Blink
0: Orb of Zot
}: 3/15 runes: barnacled, slimy, gossamer


You escaped.
You worshipped Dithmenos.
Dithmenos was exalted by your worship.
You were full.

You visited 12 branches of the dungeon, and saw 64 of its levels.

You collected 8254 gold pieces.
You spent 6731 gold pieces at shops.

Inventory:

Hand weapons
 a - a +8 giant spiked club of protection (weapon)
 b - a +7 blowgun
Missiles
 q - 9 throwing nets
 x - 137 poisoned needles
 I - 77 large rocks (quivered)
 U - 11 curare-tipped needles
Armour
 m - a +4 fire dragon armour (worn)
 C - a +2 hat of magic resistance (worn)
 Q - the +4 dragonskin cloak (worn)
   (You took it off Tiamat on level 4 of the Realm of Zot)
Magical devices
 k - a wand of disintegration (1)
 n - a wand of digging (11)
 R - a wand of disintegration (9)
Comestibles
 j - 4 bread rations
 V - 3 meat rations
Scrolls
 e - 5 scrolls of fog
 h - 5 scrolls of fear
 i - 13 scrolls of remove curse
 l - 6 scrolls of teleportation
 o - 4 scrolls of recharging
 r - 6 scrolls of silence
 u - 5 scrolls of identify
 z - 3 scrolls of blinking
 D - a scroll of acquirement
 F - 3 scrolls of magic mapping
 M - 2 scrolls of summoning
Jewellery
 c - a ring of protection from cold (left hand)
 d - an uncursed ring of protection from magic
 s - an uncursed ring of positive energy
 t - an uncursed amulet of resist corrosion
 y - the ring "Zaxyusk" (right hand) {+Blink rC+ Stlth+}
   (You found it on level 2 of the Spider Nest)

   [ring of stealth]

   It protects you from cold.
   It lets you blink.
   It makes you more stealthy.
 E - an amulet of resist mutation (around neck)
 H - an uncursed ring of invisibility
 N - an uncursed amulet of clarity
 P - a +6 ring of evasion
 T - an uncursed ring of see invisible
 W - an uncursed ring of teleportation
Potions
 f - a potion of agility
 g - 21 potions of curing
 B - 9 potions of restore abilities
 G - 4 potions of invisibility
 J - 11 potions of heal wounds
 L - 5 potions of haste
 O - 8 potions of resistance
 X - 2 potions of cancellation
 Y - 6 potions of berserk rage
Books
 w - the Grimoire of Dark Rites and Protection
   (You bought it in a shop on level 2 of the Shoals)

   Spells                             Type                      Level
   *Repel Missiles                    Charms/Air                   2
   *Regeneration                      Charms/Necromancy            3
   Control Undead                     Necromancy                   4
   Twisted Resurrection               Necromancy                   5
   *Death Channel                     Necromancy                   6
 K - a book of Wizardry

   Spells                             Type                      Level
   Agony                              Necromancy                   5
   Force Lance                        Conjuration                  5
   Dispersal                          Translocation                6
   *Haste                             Charms                       6
   Invisibility                       Hexes                        6
   Spellforged Servitor               Conjuration/Summoning        7
 S - a book of the Warp

   Spells                             Type                      Level
   Control Teleport                   Charms/Translocation         4
   Phase Shift                        Translocation                5
   Warp Weapon                        Charms/Translocation         5
   Dispersal                          Translocation                6
   Controlled Blink                   Translocation                7
   Disjunction                        Translocation                8
Miscellaneous
 p - a phial of floods
 A - a phial of floods


   Skills:
 + Level 17.3 Fighting
 - Level 22.2 Maces & Flails
 - Level 10.3 Throwing
 + Level 15.9 Armour
 + Level 19.0 Dodging
 - Level 6.0 Stealth
 - Level 5.2 Spellcasting
 - Level 16.2 Charms
 - Level 3.1 Summonings
 - Level 16.8 Necromancy
 - Level 5.0 Translocations
 - Level 6.2 Ice Magic
 - Level 2.0 Air Magic
 - Level 3.7 Invocations
 - Level 9.0 Evocations


You had 3 spell levels left.
You knew the following spells:

 Your Spells              Type           Power        Failure   Level  Hunger
a - Apportation           Tloc           #.........   1%          1    None
b - Blink                 Tloc           N/A          1%          2    ##.....
c - Swiftness             Chrm/Air       ##......     0%          2    ##.....
d - Animate Dead          Necr           N/A          0%          4    ####...
e - Summon Butterflies    Summ           #.......     1%          1    None
f - Flight                Chrm/Air       ##........   1%          3    ###....
g - Death Channel         Necr           ###.......   1%          6    #######
h - Haste                 Chrm           ###.....     1%          6    #######
m - Repel Missiles        Chrm/Air       ##....       0%          2    ##.....
o - Ozocubu's Armour      Chrm/Ice       ##......     0%          3    ###....
r - Regeneration          Chrm/Necr      ###.......   0%          3    ###....


Dungeon Overview and Level Annotations

Branches:
Dungeon (15/15)            Temple (1/1) D:4             Orc (4/4) D:11
    Elf (3/3) Orc:3          Lair (8/8) D:8          Shoals (5/5) Lair:4
 Spider (5/5) Lair:3        Slime (6/6) Lair:8       Vaults (4/5) D:13
  Crypt (3/3) Vaults:2       Tomb (0/3) Crypt:3      Depths (5/5) D:15
    Zot (5/5) Depths:5

Altars:
Ashenzari
Cheibriados
Dithmenos
Elyvilon
Fedhas
Kikubaaqudgha
Makhleb
Nemelex Xobeh
Okawaru
Qazlal
Sif Muna
Trog
Vehumet
Xom
Yredelemnul
Zin
The Shining One
Beogh
Jiyva

Shops:
D:8 %}!   D:10 =   D:11 (   D:12 }   Orc:4 ((*[(   Elf:1 =%(*   Elf:2 **[
Elf:3 *   Shoals:1 [   Shoals:2 :(   Vaults:2 }   Vaults:3 }   Depths:1 (
Depths:2 %

Portals:
Hell: Depths:1 Depths:2 Depths:3 Depths:4 Depths:5
Abyss: Depths:1 Depths:4
Pandemonium: Depths:3
Ziggurat: Depths:5
Trove: D:12 (give +4 storm dragon armour)

Annotations:
D:2 yiuf
D:15 exclusion: ice statue
Crypt:1 exclusion: curse skull


Innate Abilities, Weirdness & Mutations

You are too large for most types of armour.
You have tough skin (AC +1).
Your vision is a little blurry.
Your magical capacity is low (-10% MP).
Your spells are easier to cast, but less powerful.

Vault maps used:
D:1:      mrwooster_arrival_arrow, st_stairs_10
D:2:      uniq_crazy_yiuf_cottage
D:4:      minmay_temple_entry_junction, minmay_fire_ice_demons
D:5:      grunt_temple_overflow_bloody_war, first_bread
D:8:      gammafunk_temple_overflow_wave, erik_lair_island, serial_shops, shop,
          shop_statue, shop, shop, uniq_edmund
D:9:      cheibrodos_ashenzari_chains
D:10:     serial_shops, kennysheep_little_box
D:11:     erik_orc_4, serial_shops, shop_fountains, uniq_erolcha, uniq_urug
D:12:     erik_orc_2, serial_shops, nicolae_shop_trees,
          nicolae_trove_entry_crossroad, uniq_grum
D:13:     erik_vaults_2, serial_curves, eino_curves_02, eino_curves_01,
          blue_anna_alchemist, uniq_maurice
D:14:     hangedman_decor_growths, bh_circular_ruins, uniq_kirke
D:15:     hangedman_depths_entry_civil_slaughter, hex_tiny,
          portal_ice_cave_entry_ice_statue_01, grunt_ministairs_8,
          eino_house_with_fridge, uniq_frances
Temple:   circular_temple_12
Orc:2:    nicolae_orc_accident_2, nicolae_orc_lava_tube
Orc:3:    nicolae_orc_pool_cavern
Orc:4:    serial_shops, shop, st_orc_ogre_mass, lightli_orcish_oven,
          uniq_josephine
Elf:1:    elf_arrival_002, serial_shops,
          nicolae_shop_temple_entry_statues_fountains, shop, shop, shop, shop,
          serial_sigils_hangedman_gnaw, fountainhead, door_vault, uniq_sonja
Elf:2:    serial_shops, shop, shop, shop
Elf:3:    minmay_elf_hall_dome, special_room, serial_shops,
          nicolae_shop_behind_doors, grunt_megastairs_3
Lair:3:   nicolae_swamp_entry_splash_gauntlet, spider_nest_entry_webs,
          minivault_26
Lair:4:   elwin_shoals_entry_rooms
Lair:5:   wad_woods_road_02
Lair:6:   minivault_11
Lair:7:   disabler_island
Lair:8:   minmay_lair_end_enchanted_forest, minmay_slime_entry_oklob_open
Shoals:1: serial_shops, nicolae_shop_waterfront, lemuel_altar_in_water2
Shoals:2: serial_shops, shop_fountains, nicolae_shoals_c_island
Shoals:4: nicolae_shoals_so_close, uniq_asterion
Shoals:5: shoals_end_hangedman, shoals_ilsuiw_alternative,
          nicolae_shoals_siren_and_animal_friends, uniq_polyphemus
Spider:1: uniq_azrael, uniq_roxanne
Spider:5: grunt_spider_rune_parallel
Slime:2:  nicolae_slime_phagocytosis
Vaults:1: ontoclasm_vaults_loading_screen, vaults_room_grid, v_pattern_3,
          dpeg_vaults_monster_box, v_misc_15, hangedman_vaults_variations,
          nicolae_vaults_theta, vaults_room_grunt_arrival_ludios,
          vaults_room_fours, v_misc_10, vaults_room_pools
Vaults:2: ontoclasm_vaults_eye, minmay_crypt_entry_nasty_monster,
          vaults_dpeg_diagonal, ontoclasm_vaults_ring_small,
          vaults_room_ringed_pool, v_misc_15, vaults_room_fours,
          nicolae_vaults_asterisk, serial_shops, shop, uniq_margery, uniq_jory,
          uniq_norris, uniq_saint_roka
Vaults:3: v_misc_17, v_alt_pattern_1, v_misc_26, vaults_room_boxed,
          grunt_vaults_twisty, hangedman_vaults_corner_blocks,
          vaults_mumra_chevron, vaults_dpeg_hooks, hangedman_vaults_slither,
          v_misc_28, grunt_vaults_swirl, st_smaller_cells,
          nicolae_vaults_rhombus_7, serial_shops, shop
Vaults:4: v_misc_3, ontoclasm_vaults_gateway, v_misc_4, v_alt_pattern_6,
          v_alt_pattern_1, v_pattern_1, v_misc_15, nicolae_vaults_angled_halls,
          nicolae_vaults_rhombus_7
Crypt:1:  crypt_curse_skull, grunt_megastairs_1, uniq_frederick
Crypt:2:  lemuel_minitomb, grunt_megastairs_2
Crypt:3:  cryptofortress_bobbens, uniq_agnes, uniq_jorgrun, uniq_boris
Depths:1: serial_shops, nicolae_shop_behind_doors, hell_entry,
          abyss_entry_crystal, hangedman_decor_diamond_cutter,
          kennysheep_generic_room_15
Depths:2: hangedman_arch_fort, grunt_mini_vestibule, okawaru_ov_weapons_minmay,
          serial_shops, nicolae_shop_stone, serial_sigils_hangedman_etch,
          lemuel_flamethrower_2
Depths:3: dpeg_oklob_gauntlet, rand_demon_pan_entry_3,
          minmay_misc_feat_secret_circle, hangedman_coc_ice_floe,
          pandoras_box_mu, infiniplex_staircase_door_maze, uniq_mara
Depths:4: mu_ancient_champions, hell_entry, abyss_entry, serial_bayou_shore_b,
          basic_stair_grate_trap, infiniplex_staircase_pool_2
Depths:5: grunt_zot_entry_hairpin, enter_ziggurat_a, hell_entry,
          hangedman_decor_lopped, hangedman_decor_opposing, uniq_boris,
          uniq_enchantress
Zot:1:    grunt_twist_and_shout
Zot:2:    grunt_ministairs_8
Zot:3:    basic_stair_grate_trap
Zot:4:    nicolae_moth_party, uniq_tiamat


Message History

Aiming: Haste
Press: ? - help, Shift-Dir - straight line, f - you You feel yourself speed up.
You are very lightly contaminated with residual magic.
The torturous chaos champion unwields an uncursed glowing quarterstaff.
The torturous chaos champion wields a shortbow.
The torturous chaos champion shoots an arrow.
The arrow is repelled.
An infernal black sun comes into view. It is wielding a runed great sword.
The torturous chaos champion shoots an arrow.
The arrow barely misses you.
A hobgoblin skeleton comes into view.
The torturous chaos champion points at you and mumbles some strange words.
Nothing appears to happen.
Piadast comes into view.
The torturous chaos champion shoots an arrow.
The arrow misses you.
The torturous chaos champion shoots an arrow.
The arrow is repelled.
You feel less protected from missiles.
The torturous chaos champion shoots an arrow.
The arrow closely misses you.
The torturous chaos champion casts a spell at you.
Nothing appears to happen.
The torturous chaos champion shoots an arrow.
The arrow completely misses you.
There is an open door here.
You see here an arrow.
The torturous chaos champion points at you and mumbles some strange words.
Nothing appears to happen.
You are feeling hungry.
There is a stone staircase leading up here.
You climb upwards.
You sense a powerful magical force warping space.
There is a stone staircase leading down here.
There is a stone staircase leading up here.
You climb upwards.
You sense a powerful magical force warping space.
There is a stone staircase leading down here.
Magic restored.
Your extra speed is starting to run out.
You see here a whip.
A giant gecko comes into view.
An Orb Guardian comes into view.
Unknown command.
You hit the Orb Guardian but do no damage.
You puncture the Orb Guardian!
The Orb Guardian is lightly wounded.
The Orb Guardian hits you.
You hammer the Orb Guardian like a gong!!!
The Orb Guardian is severely wounded.
You feel yourself slow down.
You perforate the Orb Guardian like a sieve!!!
You kill the Orb Guardian!
Dithmenos accepts your kill.
The giant gecko bites you but does no damage.
You beat the giant gecko like a drum!!!
You kill the giant gecko!
Dithmenos accepts your kill.
There is a stone staircase leading up here.
Eat which item? (? for menu, Esc to quit)
You continue eating. x3
You finish eating.
That meat ration really hit the spot!
You climb upwards.
Level annotation: yiuf You sense a powerful magical force warping space.
A bat comes into view.
There is a stone staircase leading down here.
The bat closely misses you. The bat closely misses you.
The bat hits you but does no damage. The bat completely misses you.
A blue devil comes into view.
The bat completely misses you. The bat misses you.
The bat completely misses you. The bat barely misses you.
The bat hits you but does no damage. The bat hits you.
The bat completely misses you. The bat closely misses you.
The bat closely misses you. The bat misses you. The bat misses you.
The bat hits you but does no damage. The bat misses you.
The bat completely misses you. The bat completely misses you.
The bat completely misses you. The bat closely misses you.
A chaos spawn comes into view.
There is an escape hatch in the ceiling here.
The bat closely misses you. A mysterious force pulls you upwards.
The hatch slams shut behind you.
You sense a powerful magical force warping space.
A hobgoblin comes into view. It is wielding a club.
You open the door.
The hobgoblin shouts!
There is an open door here.
There is a staircase leading out of the dungeon here.
Unknown command.
Unknown command.
You have escaped!

.##.#..........###...........####
.##.###.......## ##..........#..#
.##.####..#############..........
.##...##..# ##.## #..........
.#.....#.## ##...## #..........
.##...##.# ##.....## #######...#
.###.....# ##.......## ##........
..##...#####.........###..##...##
#..#..###.+.....@.....'....).....
..........#####...##########.....
#.............##.####.# #..).#
...............#.#.#..# ##..##
...............#.#...## ##.#
..........g#...#g#.### #..#
#.........#....#'#.# ##..#
##...#.............# ##...#
..........##.......# ####..#.##


You could see a hobgoblin.

Table legend:
 A = Kills in this place as a percentage of kills in entire the game.
 B = Kills by you in this place as a percentage of kills by you in the entire game.
 C = Kills by friends in this place as a percentage of kills by friends in the entire game.
 D = Other kills in this place as a percentage of other kills in the entire game.
 E = Experience gained in this place as a percentage of experience gained in the entire game.
 F = Experience gained in this place divided by the number of levels of this place that you have seen.
                   A       B       C       D       E      F
               +-------+-------+-------+-------+-------+----------------------
         Total | 100.0 | 100.0 | 100.0 | 100.0 | 100.0 | 23997.0
       Dungeon |  19.6 |  21.4 |   0.0 |  15.4 |   5.1 | 5259.1
  Orcish Mines |   9.2 |  10.1 |   0.0 |   0.0 |   1.2 | 4780.8
   Elven Halls |   4.8 |   5.0 |   1.7 |   7.7 |   4.9 | 25248.0
          Lair |   8.5 |   9.3 |   0.0 |   0.0 |   3.0 | 5810.2
        Shoals |   5.9 |   4.9 |  17.2 |   0.0 |   4.9 | 15180.4
   Spider Nest |   8.5 |   6.9 |  25.9 |   7.7 |   5.3 | 16128.0
    Slime Pits |   3.3 |   3.6 |   0.0 |   0.0 |   4.0 | 10142.0
        Vaults |   9.5 |   9.1 |  13.4 |  15.4 |   8.9 | 34158.0
         Crypt |   8.0 |   8.5 |   3.4 |   0.0 |   9.9 | 50869.3
        Depths |  11.7 |   9.7 |  34.1 |  15.4 |  15.6 | 47868.8
           Zot |  11.2 |  11.7 |   4.3 |  38.5 |  37.1 | 113918.8
               +-------+-------+-------+-------+-------+----------------------

Vanquished Creatures
  the royal jelly (Slime:6)
  8 orbs of fire
  Tiamat (Zot:4)
  The ghost of magipi the Tortoise, a legendary FoAK of Lugonu (Zot:3)
  4 ancient liches
  A greater mummy (Crypt:2)
  Boris (twice) (Crypt:3 Depths:5)
  3 curse toes
  Margery (Vaults:3)
  Norris (Vaults:2)
  2 Killer Klowns
  The ghost of Vidiiot the Evocator, a great DDGl of Makhleb (Zot:4)
  8 golden dragons
  Jory (Vaults:2)
  2 bone dragons
  Frederick (Crypt:1)
  6 electric golems
  the Enchantress (Depths:5)
  A Brimstone Fiend (Zot:5)
  10 tentacled monstrosities
  21 Orb Guardians
  2 titans
  4 liches
  3 deep elf blademasters
  A deep elf master archer (Elf:3)
  An octopode crusher (Depths:3)
  6 storm dragons
  Polyphemus (Shoals:5)
  A kraken (Shoals:5)
  8 acid blobs
  5 shadow dragons
  Agnes (Crypt:3)
  Frances (D:15)
  Kirke (D:14)
  4 ancient champions
  9 draconian monks
  4 azure jellies
  Roxanne (Spider:1)
  2 fire giants (Depths:2)
  2 frost giants
  The ghost of Vidiiot the Fetichist, a powerful DDAr of Makhleb (Elf:3)
  4 draconian scorchers
  6 deep elf sorcerers (Elf:3)
  10 ghost moths
  The ghost of ark the Earth Mage, a powerful TrEE of Okawaru (Orc:2)
  6 vault wardens
  8 emperor scorpions
  A cacodemon (Depths:3)
  11 draconian knights
  5 draconian zealots
  A reaper (Crypt:2)
  5 ghouls (Crypt:2)
  Jorgrun (Crypt:3)
  6 draconian shifters
  3 spriggan defenders (Depths:5)
  4 war gargoyles (Crypt:3)
  5 draconian annihilators
  10 rakshasas
  2 deep elf demonologists (Elf:3)
  7 very ugly things
  5 draconian callers
  17 stone giants
  A curse skull (Vaults:2)
  10 green draconians
  17 grey draconians
  8 deep elf annihilators
  19 yellow draconians
  7 vampire knights
  Azrael (Spider:1)
  11 mottled draconians
  14 white draconians
  9 purple draconians
  7 pale draconians
  4 dire elephants
  7 black draconians
  15 red draconians
  16 fire dragons
  7 deep elf death magi
  4 merfolk javelineers
  5 death oozes
  4 eidola
  9 ettins
  4 merfolk impalers
  6 jiangshi
  4 crystal guardians
  2 minotaurs
  Josephine (Orc:4)
  12 vault guards
  14 yaktaur captains
  7 hydras
  2 ironheart preservers
  2 quicksilver dragon skeletons (Crypt:1)
  10 great orbs of eyes
  13 death cobs
  A deep elf high priest (Elf:3)
  13 ogre magi
  14 ice dragons
  5 sirens (Shoals:5)
  3 ghost crabs
  2 spriggan air magi
  7 deep troll earth magi
  A ravenous item mimic (Depths:4)
  11 centaur warriors
  A death knight (Crypt:3)
  5 dancing weapons (Crypt:3)
  4 merfolk aquamancers
  2 alligator snapping turtles (Shoals:5)
  3 vampire magi
  13 deep troll shamans
  2 titan zombies
  A satyr (Shoals:5)
  5 tengu warriors
  8 death yaks
  Urug (D:11)
  A sun demon (Elf:3)
  A spriggan berserker (Depths:3)
  A soul eater (Crypt:2)
  Erolcha (D:11)
  3 catoblepae
  17 skeletal warriors
  A fire crab (shapeshifter) (Vaults:1)
  4 titan skeletons
  9 orb spiders
  5 iron trolls
  2 sea snakes (shapeshifter)
  An anaconda zombie (Crypt:1)
  A storm dragon skeleton (Crypt:2)
  22 deep trolls
  3 unseen horrors
  2 giant orange brains
  14 deep elf knights
  A golden dragon zombie (Crypt:2)
  A lindwurm (D:14)
  12 sea snakes
  18 hell knights
  17 necromancers
  A swamp dragon (shapeshifter) (Vaults:1)
  2 flayed ghosts
  11 hill giants
  9 deep elf summoners
  15 orc knights
  12 ironbrand convokers
  3 wizards
  11 harpies
  2 golden dragon skeletons (Crypt:1)
  2 shadow dragon zombies
  A death drake (Zot:2)
  3 sixfirhies
  21 wolf spiders
  13 griffons
  6 manticores
  2 wolf spider zombies (Crypt:1)
  2 frost giant zombies (Crypt:2)
  39 ugly things
  3 orc sorcerers
  2 fire giant zombies
  6 cyclopes
  A water nymph (Shoals:5)
  11 phantasmal warriors
  8 fauns
  12 deep elf conjurers
  5 shining eyes
  2 draconian zombies (Zot:2)
  A sphinx skeleton (D:15)
  An iron dragon skeleton (Crypt:1)
  10 mermaids
  5 elephants (Lair:7)
  37 moths of wrath
  7 red wasps
  A centaur zombie (D:14)
  6 oklob plants
  A frost giant skeleton (Crypt:1)
  A water nymph (shapeshifter) (D:15)
  A fire giant skeleton (Crypt:3)
  2 black mambas
  Maurice (D:13)
  2 dire elephant zombies
  2 feature mimics
  3 titan simulacra
  An orange demon (Depths:3)
  An iron devil (Depths:3)
  7 spiny frogs
  2 gargoyles
  7 vault sentinels
  A torpor snail (Depths:1)
  A shock serpent skeleton (Crypt:2)
  4 komodo dragons
  A green draconian zombie (Zot:2)
  A sea snake zombie (Crypt:2)
  46 yaktaurs
  4 tengu conjurers
  2 tormentors
  2 red devils
  7 deep elf priests
  8 demonic crawlers
  2 guardian mummies (Crypt:2)
  2 fire drakes
  2 pale draconian skeletons (Crypt:2)
  A purple draconian skeleton (Zot:2)
  2 black draconian skeletons
  2 blue devils (Depths:3)
  A mana viper zombie (Crypt:1)
  A polar bear (shapeshifter) (Vaults:4)
  9 trolls
  A silent spectre (Crypt:1)
  A hydra zombie (D:12)
  2 wandering mushrooms (Zot:2)
  26 merfolk
  A wind drake (shapeshifter) (Depths:4)
  Sonja (Elf:1)
  26 deep elf fighters
  2 harpy zombies
  2 hydra skeletons
  8 polar bears (Lair:8)
  A jumping spider (shapeshifter) (D:15)
  18 jumping spiders
  5 wind drakes
  A catoblepas zombie (Crypt:3)
  3 blink frogs (Lair:8)
  A frost giant simulacrum (Crypt:1)
  A moth of wrath zombie (Zot:4)
  29 two-headed ogres
  A blink frog (shapeshifter) (Depths:2)
  13 ravens
  52 slime creatures
  A stone giant simulacrum (Crypt:1)
  A red wasp zombie (Spider:5)
  11 snapping turtles
  7 freezing wraiths
  A boulder beetle (Vaults:2)
  2 fire dragon zombies
  An iron dragon simulacrum (Crypt:1)
  26 flying skulls
  4 air elementals
  A black mamba zombie (Crypt:2)
  21 trapdoor spiders
  2 ettin skeletons
  6 shadows
  3 fire elementals (Spider:1)
  A wyvern (D:12)
  47 redbacks
  A spriggan (shapeshifter) (Vaults:2)
  2 vampires (Crypt:1)
  21 deep elf magi
  13 water elementals
  2 basilisks
  3 hogs (D:14)
  25 tarantellas
  2 fire dragon skeletons (Crypt:1)
  10 wraiths
  A dire elephant simulacrum (Crypt:1)
  30 yaks
  2 hippogriffs (shapeshifter)
  The ghost of ark the Digger, an average TrEE (D:3)
  A human (shapeshifter) (Depths:1)
  17 spriggans
  10 vampire mosquitoes
  A black mamba skeleton (Crypt:2)
  A hell beast (Depths:2)
  9 hippogriffs
  7 hungry ghosts
  Grum (D:12)
  4 golden eyes (Slime:2)
  A neqoxec (Zot:4)
  2 steam dragons
  A redback simulacrum (Vaults:3)
  A torturous demonspawn zombie (Crypt:2)
  A tengu zombie (D:12)
  A chaos spawn (Zot:2)
  A yaktaur simulacrum (Vaults:2)
  6 swamp worms (Lair:3)
  Edmund (D:8)
  5 hell hounds (Spider:1)
  37 wolves
  11 wargs
  8 porcupines
  A mottled dragon (Vaults:1)
  3 tengu skeletons
  5 black bears
  20 spiders
  19 water moccasins
  An ettin simulacrum (Crypt:1)
  41 orc warriors
  2 snapping turtle zombies (Crypt:2)
  A phantom (D:14)
  6 yellow wasps
  An ice beast (D:9)
  5 sky beasts
  15 centaurs
  A mermaid skeleton (Crypt:2)
  4 necrophages
  8 crocodiles
  An elf skeleton (D:14)
  A fire dragon simulacrum (Crypt:1)
  60 ogres
  A snapping turtle skeleton (Crypt:3)
  A boring beetle (Lair:5)
  A boring beetle (shapeshifter) (Vaults:1)
  6 boggarts
  3 lost souls
  A big kobold (D:9)
  A brain worm (D:12)
  20 giant frogs
  A wyvern zombie (D:9)
  A cyclops zombie (D:11)
  8 scorpions
  4 eyes of draining
  An ogre simulacrum (Vaults:1)
  A water moccasin skeleton (D:8)
  A yak zombie (D:10)
  An elf simulacrum (Vaults:2)
  A swamp dragon simulacrum (Crypt:1)
  12 wights
  A troll zombie (D:7)
  6 killer bees (D:13)
  9 electric eels
  3 goliath beetles
  A lava snake (Orc:2)
  13 crimson imps
  A gnoll shaman (D:8)
  8 iguanas
  Crazy Yiuf (D:2)
  49 orc priests
  5 centaur skeletons
  16 hounds
  24 jellies
  A kobold zombie (D:11)
  6 worker ants
  A basilisk skeleton (D:11)
  4 polar bear simulacra (D:15)
  4 yak simulacra (D:15)
  7 orange rats (Elf:3)
  37 orc wizards
  A quasit (D:15)
  21 sheep
  A big kobold zombie (D:10)
  An ogre zombie (D:8)
  8 mummies
  2 ogre skeletons
  5 human simulacra
  A worker ant zombie (D:7)
  9 gnolls
  24 adders
  A gnoll zombie (D:6)
  18 green rats
  2 shadow imps
  A giant mite (D:4)
  A white imp (D:4)
  3 worms
  5 giant geckos
  2 oozes
  210 orcs
  15 bats
  A bat skeleton (D:6)
  24 hobgoblins
  19 jackals
  7 quokkas
  8 giant cockroaches
  5 giant newts
  A giant newt skeleton (D:5)
  A giant spore (D:8)
  22 goblins
  A goblin skeleton (D:4)
  3 green rat simulacra (D:15)
  A hobgoblin zombie (D:7)
  A jackal skeleton (Crypt:2)
  18 kobolds
  A kobold skeleton (D:6)
  2 orc simulacra (Orc:4)
  An orc skeleton (Orc:4)
  4 orc zombies
  2 quokka zombies
  15 rats
  8 ballistomycetes
  9 fungi
  4 plants
  4 tentacles (Shoals:5)
2667 creatures vanquished.

Vanquished Creatures (collateral kills)
  Saint Roka (Vaults:1)
  A lich (Depths:2)
  An Ice Fiend (Depths:5)
  The ghost of Vidiiot the Brawler, a mighty TrWn of Cheibriados (Depths:1)
  An Orb Guardian (Zot:5)
  2 storm dragons (Zot:4)
  Ilsuiw (Shoals:5)
  3 frost giants
  An orc warlord (Elf:3)
  5 emperor scorpions
  A very ugly thing (Depths:2)
  A draconian shifter (Depths:5)
  3 stone giants
  A vampire knight (Depths:4)
  A dire elephant (Depths:1)
  A grey draconian (Depths:5)
  A white draconian (Zot:4)
  A red draconian (Zot:1)
  2 pale draconians (Zot:4)
  A deep elf death mage (Elf:3)
  An ettin (Depths:3)
  2 merfolk javelineers (Shoals:5)
  2 merfolk impalers
  A great orb of eyes (Depths:4)
  A vault guard (Vaults:3)
  3 rakshasas
  2 ice dragons
  3 spriggan air magi
  A siren (Shoals:2)
  An ogre mage (Vaults:1)
  A merfolk aquamancer (Shoals:5)
  An alligator snapping turtle (Shoals:5)
  3 tengu warriors
  A deep troll shaman (Depths:1)
  A death knight (Crypt:2)
  A hell knight (Crypt:3)
  2 spriggan berserkers
  A sun demon (Depths:1)
  A soul eater (Depths:1)
  A flayed ghost (Depths:1)
  2 iron trolls
  4 red wasps (Spider:5)
  A fire crab (shapeshifter) (Depths:1)
  12 deep trolls
  A giant orange brain (Depths:5)
  A sea snake (Shoals:2)
  9 orb spiders
  An ice devil (Depths:5)
  4 harpies
  A putrid demonspawn (Depths:3)
  A deep elf conjurer (Depths:2)
  An orc knight (Vaults:4)
  5 ugly things
  2 griffons
  A wizard (Vaults:2)
  9 wolf spiders
  3 manticores
  An ironbrand convoker (Vaults:2)
  A water nymph (Shoals:1)
  3 mermaids
  3 moths of wrath
  A deathcap (Zot:2)
  3 fauns
  A torpor snail (Depths:3)
  2 wargs (Vaults:2)
  4 yaktaurs
  A fire drake (Zot:2)
  A blue devil (Depths:1)
  3 demonic crawlers
  3 wandering mushrooms
  7 jumping spiders
  A guardian mummy (Crypt:2)
  8 merfolk
  A tengu conjurer (Depths:4)
  3 wind drakes
  A komodo dragon (Zot:2)
  4 slime creatures
  3 two-headed ogres
  A giant leech (shapeshifter) (Depths:5)
  An ettin zombie (Depths:5)
  4 ravens
  A boulder beetle (Vaults:1)
  2 snapping turtles
  A redback (shapeshifter) (Depths:2)
  2 air elementals
  A basilisk (shapeshifter) (Depths:2)
  3 water elementals
  A vampire (Depths:1)
  A shadow (Crypt:1)
  2 tarantellas (Spider:5)
  9 trapdoor spiders
  A spriggan (Depths:5)
  12 redbacks
  2 wraiths
  A hippogriff (Shoals:1)
  4 deep elf fighters
  4 spiders (Spider:4)
  An orc warrior (Vaults:2)
  An ogre (Vaults:3)
  An elf zombie (Depths:5)
  A necrophage (Crypt:3)
  4 centaurs
  An electric eel (Shoals:5)
  A mummy (Crypt:2)
  An ufetubus (Depths:5)
  7 orcs
  A lava orc zombie (Crypt:1)
  3 plants (Shoals:5)
248 creatures vanquished.

Vanquished Creatures (others)
  An Orb Guardian (Zot:5)
  An acid blob (Slime:6)
  A fire giant (Vaults:3)
  4 draconian scorchers
  2 draconian zealots
  A deep elf high priest (Elf:3)
  A hell knight (Depths:3)
  2 storm dragon zombies
  3 golden dragon zombies
  A ghost moth zombie (Zot:5)
  A very ugly thing zombie (Depths:1)
  A shadow dragon zombie (Depths:3)
  6 wolf spider zombies
  18 draconian zombies
  An octopode zombie (Depths:3)
  2 ugly thing zombies
  A wolf spider (Spider:2)
  A slime creature (Slime:6)
  4 stone giant zombies
  7 drowned souls
  2 draconian skeletons
  A deep dwarf zombie (Crypt:3)
  2 alligator snapping turtle zombies (Shoals:5)
  3 dire elephant zombies
  6 centaur zombies
  6 white draconian zombies
  6 grey draconian zombies
  A death yak zombie (Shoals:4)
  6 green draconian zombies
  A centaur skeleton (Depths:2)
  3 mottled draconian zombies
  3 black draconian zombies
  An emperor scorpion zombie (Depths:2)
  A yaktaur (Vaults:3)
  3 purple draconian zombies
  4 sea snake zombies
  3 pale draconian zombies (Zot:4)
  9 yellow draconian zombies
  10 redback zombies
  3 iron troll zombies
  2 red draconian zombies
  A grey draconian skeleton (Zot:2)
  A ghoul skeleton (Crypt:2)
  A siren zombie (Shoals:5)
  A red draconian skeleton (Zot:1)
  A mottled draconian skeleton (Zot:1)
  5 demonic crawler zombies
  A water elemental (Depths:5)
  3 harpy zombies
  14 moth of wrath zombies
  7 trapdoor spider zombies
  12 tarantella zombies
  7 jumping spider zombies
  A raven (Depths:2)
  A deep elf mage (Elf:1)
  22 deep troll zombies
  2 red wasp zombies (Spider:5)
  12 spriggan zombies
  5 ice dragon zombies
  5 fire dragon zombies
  4 wind drake zombies
  A hill giant zombie (Vaults:1)
  6 raven zombies
  3 warg zombies (Vaults:2)
  12 merfolk zombies
  A putrid demonspawn zombie (Depths:3)
  4 orb spider zombies
  4 faun zombies
  A raven skeleton (Depths:3)
  A ghost crab zombie (Crypt:1)
  4 mermaid zombies
  5 snapping turtle zombies
  24 human zombies
  8 boggarts (Depths:2)
  A centaur (Depths:2)
  2 elf skeletons (Depths:2)
  7 lost souls
  A cyclops zombie (Vaults:2)
  21 yaktaur zombies
  6 spider zombies
  3 troll zombies (Vaults:2)
  A boulder beetle zombie (Vaults:1)
  5 tengu zombies
  29 elf zombies
  A jelly (Slime:6)
  A two-headed ogre zombie (Vaults:2)
  7 ogre zombies
  2 necrophage skeletons
  A scorpion zombie (Spider:4)
  A giant spore (D:13)
  24 orc zombies
  A ballistomycete (D:13)
  9 fungi
  A plant (Shoals:2)
  18 tentacles
  173 tentacle segments
630 creatures vanquished.

Grand Total: 3545 creatures vanquished

Notes
Turn   | Place    | Note
--------------------------------------------------------------
     0 | D:1      | magipi, the Ogre Hunter, began the quest for the Orb.
     0 | D:1      | Reached XP level 1. HP: 22/22 MP: 1/1
   364 | D:1      | Reached XP level 2. HP: 26/29 MP: 2/2
   728 | D:1      | Reached XP level 3. HP: 36/36 MP: 3/3
  1648 | D:2      | Reached skill level 5 in Maces & Flails
  1648 | D:2      | Reached XP level 4. HP: 28/44 MP: 4/4
  2562 | D:3      | Noticed ark's ghost (average TrEE)
  3172 | D:3      | Reached skill level 6 in Maces & Flails
  3256 | D:3      | Reached XP level 5. HP: 45/50 MP: 5/5
  3672 | D:5      | Entered Level 5 of the Dungeon
  3904 | D:3      | Reached skill level 7 in Maces & Flails
  4277 | D:4      | Found a staircase to the Ecumenical Temple.
  4298 | D:4      | Noticed an ogre
  4304 | D:4      | Killed an ogre
  4304 | D:4      | Reached skill level 8 in Maces & Flails
  4304 | D:4      | Reached XP level 6. HP: 51/59 MP: 6/6
  4319 | Temple   | Entered the Ecumenical Temple
  4333 | Temple   | Became a worshipper of Dithmenos the Shadowed
  4616 | D:4      | Fell from the grace of Dithmenos
  4676 | D:4      | Reached skill level 9 in Maces & Flails
  5011 | Temple   | Became a worshipper of Dithmenos the Shadowed
  5202 | D:4      | Reached XP level 7. HP: 52/66 MP: 7/7
  5458 | D:5      | Noticed an ogre
  5467 | D:5      | Killed an ogre
  5467 | D:5      | Reached skill level 10 in Maces & Flails
  5639 | D:5      | Noticed a centaur
  5652 | D:5      | Killed a centaur
  5814 | D:5      | Noticed an ogre
  5823 | D:5      | Killed an ogre
  5823 | D:5      | Reached skill level 11 in Maces & Flails
  5823 | D:5      | Reached XP level 8. HP: 74/74 MP: 8/8
  6108 | D:5      | Found a bloodstained altar of Trog.
  6109 | D:5      | Found an iron altar of Okawaru.
  6529 | D:6      | Learned a level 1 spell: Apportation
  7069 | D:7      | Reached skill level 1 in Translocations
  7074 | D:7      | Learned a level 2 spell: Blink
  7111 | D:7      | Acquired Dithmenos' first power
  7275 | D:7      | Reached skill level 12 in Maces & Flails
  8138 | D:8      | Noticed a slime creature
  8138 | D:8      | Noticed a slime creature
  8138 | D:8      | Noticed a slime creature
  8138 | D:8      | Noticed a slime creature
  8138 | D:8      | Noticed a slime creature
  8138 | D:8      | Noticed a slime creature
  8182 | D:8      | Found Hoalevaz's Gadget Emporium.
  8192 | D:8      | Reached XP level 9. HP: 55/80 MP: 9/9
  8317 | D:8      | Found Schobb's Food Shop.
  8364 | D:8      | Found a staircase to the Lair.
  8691 | D:8      | Bought a wand of cold (8) for 312 gold pieces
  8789 | D:8      | Noticed a troll
  8796 | D:8      | Killed a troll
  8943 | D:8      | Noticed Edmund
  8954 | D:8      | Killed Edmund
  8954 | D:8      | Reached skill level 13 in Maces & Flails
  8987 | D:8      | Reached skill level 5 in Dodging
  9201 | D:8      | Acquired Dithmenos' second power
  9215 | D:8      | Found Nuefoxax's Distillery.
  9221 | D:8      | Bought a potion of agility for 35 gold pieces
  9623 | D:8      | Killed a slime creature
  9897 | D:8      | Killed a slime creature
  9897 | D:8      | Reached XP level 10. HP: 88/88 MP: 10/10
  9943 | D:7      | Killed a slime creature
 10532 | Lair:1   | Entered Level 1 of the Lair of Beasts
 11371 | D:8      | Found a snail-covered altar of Cheibriados.
 11371 | D:8      | Found a glowing golden altar of the Shining One.
 11713 | D:8      | Killed a slime creature
 11840 | D:8      | Killed a slime creature
 11840 | D:8      | Reached skill level 14 in Maces & Flails
 12379 | D:8      | Killed a slime creature
 12379 | D:8      | Reached skill level 5 in Translocations
 13036 | D:9      | Found a shattered altar of Ashenzari.
 14149 | D:10     | Entered Level 10 of the Dungeon
 14159 | D:10     | Found Nallock's Jewellery Shop.
 14380 | D:10     | Reached skill level 15 in Maces & Flails
 14423 | D:10     | Reached XP level 11. HP: 56/96 MP: 11/11
 15028 | D:10     | Noticed a hill giant
 15040 | D:10     | Killed a hill giant
 15202 | D:10     | Acquired Dithmenos' third power
 15684 | D:11     | Found Plama's Weapon Shoppe.
 15962 | D:11     | Noticed Urug
 15995 | D:11     | Noticed a yaktaur captain
 16127 | D:11     | Noticed a hill giant
 16143 | D:11     | Killed a hill giant
 16143 | D:11     | Reached skill level 16 in Maces & Flails
 16265 | D:11     | Killed Urug
 16265 | D:11     | Reached skill level 5 in Fighting
 16895 | D:11     | Killed a yaktaur captain
 17347 | D:10     | Killed an unseen horror
 17716 | Lair:1   | Noticed a five-headed hydra
 17723 | Lair:1   | Killed a five-headed hydra
 17747 | Lair:1   | Reached XP level 12. HP: 119/119 MP: 12/12
 17965 | Lair:1   | Reached skill level 17 in Maces & Flails
 20357 | Lair:3   | Found a hole to the Spider Nest.
 20721 | Lair:3   | Reached skill level 5 in Throwing
 20785 | Lair:3   | Noticed an eight-headed hydra
 20789 | Lair:3   | Killed an eight-headed hydra
 21591 | D:10     | Bought a +4 ring of protection for 396 gold pieces
 21775 | Lair:4   | Reached skill level 10 in Fighting
 22076 | Lair:4   | Reached skill level 10 in Dodging
 24430 | Lair:3   | Found a staircase to the Swamp.
 24438 | Lair:3   | Reached XP level 13. HP: 114/135 MP: 13/13
 24533 | Lair:3   | the staircase to the Swamp was a mimic.
 25022 | Lair:4   | Found a staircase to the Shoals.
 25505 | D:11     | Noticed a hill giant
 25506 | D:11     | Noticed Erolcha
 25697 | D:11     | Killed an unseen horror
 25697 | D:11     | Reached skill level 18 in Maces & Flails
 25966 | D:11     | Found a staircase to the Orcish Mines.
 26020 | D:11     | Killed a hill giant
 26020 | D:11     | Acquired Dithmenos' fourth power
 26125 | Orc:1    | Entered Level 1 of the Orcish Mines
 27109 | Orc:2    | Found a roughly hewn altar of Beogh.
 27534 | D:10     | Bought a +2 ring of slaying for 231 gold pieces
 27534 | D:10     | Bought an uncursed ring of see invisible for 165 gold pieces
 27534 | D:10     | Bought an uncursed ring of protection from fire for 275 gold pieces
 27805 | D:12     | Noticed Grum
 27815 | D:12     | Killed Grum
 27862 | D:12     | Found Jaxzuc's Gadget Emporium.
 27945 | D:12     | Found a portal to a secret trove of treasure.
 28464 | Orc:2    | Noticed ark's ghost (powerful TrEE)
 28841 | Orc:3    | Found a staircase to the Elven Halls.
 28893 | Orc:4    | Entered Level 4 of the Orcish Mines
 30299 | Lair:7   | Reached skill level 19 in Maces & Flails
 30740 | Lair:7   | Reached XP level 14. HP: 53/144 MP: 14/14
 31187 | Lair:8   | Entered Level 8 of the Lair of Beasts
 31195 | Lair:8   | Found a staircase to the Slime Pits.
 32792 | D:13     | Reached skill level 20 in Maces & Flails
 33135 | D:13     | Found a gate to the Vaults.
 33179 | D:13     | Reached skill level 1 in Armour
 33346 | D:12     | Bought a wand of digging (13) for 544 gold pieces
 33625 | Orc:4    | Found Plusautt's General Store.
 33625 | Orc:4    | Found Istrae's Weapon Shoppe.
 33626 | Orc:4    | Found Plaakhlaa's Armour Emporium.
 33626 | Orc:4    | Found Bamacaw's Antique Weapon Boutique.
 34011 | Orc:4    | Bought a +1 troll leather armour for 352 gold pieces
 34400 | Orc:4    | Noticed an orc warlord
 34564 | Orc:4    | Found Akucs' Weapon Shop.
 34608 | Orc:4    | Noticed Josephine
 34849 | D:12     | Found a staircase to the Orcish Mines.
 34861 | D:12     | the staircase to the Orcish Mines was a mimic.
 34971 | D:13     | Noticed Maurice
 35020 | D:13     | Killed Maurice
 35246 | D:13     | Reached skill level 21 in Maces & Flails
 35391 | D:13     | Reached skill level 5 in Armour
 35391 | D:13     | Reached XP level 15. HP: 145/152 MP: 15/15
 37460 | Spider:1 | Entered Level 1 of the Spider Nest
 37460 | Spider:1 | Noticed Roxanne
 37490 | Spider:1 | Killed Roxanne
 37494 | Spider:1 | Identified Roxanne's Disquisition on Unstable Clay (You took it off Roxanne on level 1 of the Spider Nest)
 37668 | Spider:1 | Noticed Azrael
 37676 | Spider:1 | Reached skill level 22 in Maces & Flails
 37973 | Spider:1 | Killed Azrael
 38722 | Spider:2 | Identified a scroll of acquirement
 38917 | Spider:2 | Got a slimy bone ring
 38919 | Spider:2 | Identified the ring "Zaxyusk" {+Blink rC+ Stlth+} (You found it on level 2 of the Spider Nest)
 39440 | Orc:4    | Killed Josephine
 40011 | D:3      | Killed ark's ghost
 40134 | D:2      | Noticed Crazy Yiuf
 40135 | D:2      | Killed Crazy Yiuf
 40379 | D:11     | Killed Erolcha
 40447 | Orc:4    | Bought a book of Unlife for 975 gold pieces
 40464 | Orc:4    | Learned a level 4 spell: Animate Dead
 40710 | D:14     | Noticed Kirke
 40757 | D:14     | Killed Kirke
 40757 | D:14     | Reached skill level 1 in Spellcasting
 40757 | D:14     | Reached skill level 1 in Necromancy
 40893 | D:14     | Reached XP level 16. HP: 171/171 MP: 20/22
 41090 | D:15     | Entered Level 15 of the Dungeon
 41179 | D:15     | Noticed Frances
 41201 | D:15     | Killed Frances
 41755 | D:15     | Reached skill level 5 in Spellcasting
 41923 | D:15     | Found a staircase to the Depths.
 42763 | Spider:2 | Reached skill level 5 in Necromancy
 44525 | Spider:4 | Paralysed by a red wasp for 2 turns
 45042 | Spider:5 | Entered Level 5 of the Spider Nest
 45298 | Spider:5 | Reached XP level 17. HP: 169/180 MP: 28/28
 46571 | Spider:5 | Paralysed by a red wasp for 2 turns
 46905 | Spider:5 | Reached skill level 15 in Fighting
 47424 | Spider:5 | Got a gossamer rune of Zot
 47618 | Shoals:1 | Entered Level 1 of the Shoals
 47681 | Shoals:1 | Found an ancient bone altar of Kikubaaqudgha.
 47802 | Shoals:1 | Found Xonair's Armour Shoppe.
 48173 | Shoals:2 | Found Shricer's Weapon Shoppe.
 48882 | D:15     | Learned a level 3 spell: Flight
 49281 | Shoals:2 | Found Klunie's Book Emporium.
 49299 | Shoals:2 | Bought a book of Air for 385 gold pieces
 49304 | Shoals:2 | Learned a level 2 spell: Repel Missiles
 49404 | Shoals:2 | Reached skill level 1 in Charms
 49404 | Shoals:2 | Reached skill level 1 in Air Magic
 49979 | Shoals:3 | Got a smoking hat
 49980 | Shoals:3 | Identified the +2 hat of the Hot Ocelot {Dex+3 Int+4} (You acquired it on level 3 of the Shoals)
 50576 | Shoals:3 | Reached XP level 18. HP: 193/193 MP: 26/29
 50828 | Shoals:5 | Entered Level 5 of the Shoals
 51126 | Shoals:5 | Reached skill level 5 in Charms
 51655 | Shoals:5 | Learned a level 3 spell: Ozocubu's Armour
 51823 | Shoals:5 | Noticed Ilsuiw
 51909 | Shoals:5 | Killed Ilsuiw
 51909 | Shoals:5 | Reached skill level 1 in Ice Magic
 52157 | Shoals:5 | Your ally Ilsuiw died
 52216 | Shoals:5 | Noticed Polyphemus
 52226 | Shoals:5 | Learned a level 2 spell: Swiftness
 52359 | Shoals:5 | Killed Polyphemus
 53299 | Shoals:5 | Got a barnacled rune of Zot
 53623 | Vaults:1 | Entered Level 1 of the Vaults
 54516 | Vaults:1 | Reached skill level 5 in Ice Magic
 54910 | Vaults:2 | Noticed Saint Roka
 54943 | Vaults:1 | Reached XP level 19. HP: 146/201 MP: 29/29
 55023 | Vaults:1 | Killed Saint Roka
 55377 | Vaults:2 | Noticed Norris
 55630 | Vaults:2 | Killed Norris
 55713 | Vaults:2 | Found Isoip's Gadget Boutique.
 55719 | Vaults:2 | Noticed Jory
 55744 | Vaults:2 | Killed Jory
 56082 | Vaults:2 | Identified Meqivih's Spellweaving in Simple Steps (You found it on level 2 of the Vaults)
 56407 | Vaults:2 | Noticed Margery
 56437 | Vaults:2 | Your ally Norris died
 56503 | Vaults:3 | Killed Margery
 56790 | Vaults:2 | Reached skill level 10 in Charms
 57467 | Vaults:3 | Found Kubo's Gadget Shop.
 59334 | Vaults:4 | Reached XP level 20. HP: 210/210 MP: 30/30
 60617 | Depths:1 | Entered Level 1 of the Depths
 60910 | Depths:1 | Found a gateway to Hell.
 61207 | Depths:1 | Found a one-way gate to the infinite horrors of the Abyss.
 61244 | Depths:1 | Found Klounayt's Weapon Shoppe.
 61389 | Depths:1 | Noticed Vidiiot's ghost (mighty TrWn)
 61428 | Depths:1 | Killed Vidiiot's ghost
 63955 | Depths:2 | Found an iron altar of Okawaru.
 64513 | Depths:2 | Found Ypyg's Food Emporium.
 64625 | Depths:2 | HP: 6/210 [deep troll (31)]
 65173 | Shoals:2 | Bought the Grimoire of Dark Rites and Protection for 586 gold pieces
 65178 | Shoals:2 | Learned a level 3 spell: Regeneration
 65185 | Shoals:2 | Learned a level 6 spell: Haste
 66152 | Depths:2 | Reached XP level 21. HP: 177/218 MP: 31/31
 66797 | Depths:3 | Found a one-way gate leading to the halls of Pandemonium.
 67854 | Depths:3 | Noticed Mara
 67856 | Depths:3 | Noticed magipi's illusion
 68095 | Orc:2    | Killed ark's ghost
 68130 | Elf:1    | Entered Level 1 of the Elven Halls
 68251 | Elf:1    | Found Ynom's Jewellery Shoppe.
 68411 | Elf:1    | Noticed Sonja
 68414 | Elf:1    | Killed Sonja
 68457 | Elf:1    | Found Uzas Asu's Assorted Antiques.
 68486 | Elf:1    | Bought a glowing iron wand for 164 gold pieces
 68490 | Elf:1    | Learned a level 1 spell: Summon Butterflies
 68735 | Elf:1    | Found Bothaz's Antique Weapon Emporium.
 68743 | Elf:1    | Found Qiliep's Food Shop.
 68802 | Elf:1    | Found Phues' Food Emporium.
 69433 | Elf:2    | Found Qutufoot's General Store.
 69500 | Elf:2    | Found Kaypp's Armour Emporium.
 69725 | Elf:2    | Found Klilum's General Store.
 69730 | Elf:2    | Bought a scroll of enchant armour for 105 gold pieces
 69869 | Elf:2    | Reached skill level 15 in Charms
 69934 | Elf:3    | Entered Level 3 of the Elven Halls
 70359 | Elf:3    | Found Klaeq's Assorted Antiques.
 70362 | Elf:3    | Bought a ruby ring for 170 gold pieces
 70362 | Elf:3    | Bought a glowing green potion for 30 gold pieces
 70490 | Elf:3    | Found a roughly hewn altar of Beogh.
 71048 | Elf:3    | Noticed Vidiiot's ghost (powerful DDAr)
 71067 | Elf:3    | Killed Vidiiot's ghost
 72233 | Elf:3    | Identified a +8 rod of inaccuracy (12/14) (You took it off a deep elf sorcerer on level 3 of the Elven Halls)
 72983 | Elf:3    | Identified the Grimoire of Cloudy Cold
 73077 | Elf:3    | Identified the Guide on Dark Glamour
 73643 | Lair:8   | Reached skill level 1 in Stealth
 73657 | Slime:1  | Entered Level 1 of the Pits of Slime
 73689 | Slime:1  | Reached XP level 22. HP: 204/227 MP: 31/31
 74498 | Slime:6  | Entered Level 6 of the Pits of Slime
 74996 | Slime:6  | Gained mutation: Armour fits poorly on your strangely shaped body. [a shining eye]
 75077 | Slime:6  | HP: 9/227 [azure jelly (12)]
 75077 | Slime:6  | HP: 2/227 [azure jelly (7)]
 75712 | Slime:6  | Found a viscous altar of Jiyva.
 75714 | Slime:6  | Noticed the royal jelly
 75731 | Slime:6  | Killed the royal jelly
 75731 | Slime:6  | Reached skill level 5 in Stealth
 76081 | Slime:6  | Got a slimy rune of Zot
 76306 | Slime:6  | Got a slimy troll leather armour
 76307 | Slime:6  | Identified the cursed +1 troll leather armour of Incorporation {rPois rN+ Int+4} (You found it on level 6 of the Pits of Slime)
 76754 | Elf:2    | Bought a phial of floods for 480 gold pieces
 77173 | Depths:3 | Reached skill level 1 in Summonings
 77173 | Depths:3 | Reached skill level 1 in Evocations
 79081 | Vaults:2 | Found a staircase to the Crypt.
 79099 | Crypt:1  | Entered Level 1 of the Crypt
 79490 | Crypt:1  | Noticed Frederick
 79512 | Crypt:1  | Killed Frederick
 79782 | Crypt:1  | Reached skill level 5 in Evocations
 79834 | Crypt:1  | Your ally Frederick died
 80390 | Crypt:1  | Reached XP level 23. HP: 136/235 MP: 24/32
 81230 | Crypt:2  | Paralysed by something for 2 turns
 82026 | Crypt:2  | Reached skill level 10 in Throwing
 82275 | Crypt:2  | Noticed a greater mummy
 82290 | Crypt:2  | Killed a greater mummy
 82601 | Crypt:3  | Entered Level 3 of the Crypt
 82709 | Crypt:3  | Reached skill level 10 in Armour
 83273 | Crypt:3  | Noticed Agnes
 83289 | Crypt:3  | Killed Agnes
 83490 | Crypt:3  | Found a staircase to the Tomb.
 83825 | Crypt:3  | Noticed Jorgrun
 83979 | Crypt:3  | Killed Jorgrun
 84160 | Crypt:3  | Your ally Agnes died
 84168 | Crypt:3  | Your ally Jorgrun died
 84681 | Crypt:3  | Noticed Boris
 84833 | Crypt:3  | Killed Boris
 84833 | Crypt:3  | Reached skill level 1 in Invocations
 84995 | Crypt:3  | Found a glowing silver altar of Zin.
 84995 | Crypt:3  | Noticed an ancient lich
 85732 | Crypt:3  | Killed an ancient lich
 86113 | Crypt:3  | Reached XP level 24. HP: 223/239 MP: 33/33
 87143 | Depths:4 | Reached skill level 15 in Dodging
 87959 | Depths:5 | Entered Level 5 of the Depths
 88081 | Depths:5 | Found a gateway to a ziggurat.
 88458 | Depths:5 | Noticed Boris
 88481 | Depths:5 | Killed Boris
 88533 | Depths:5 | Noticed the Enchantress
 88582 | Depths:5 | Killed the Enchantress
 88591 | Depths:5 | Got a faerie dragon armour
 88607 | Depths:5 | Identified the +4 faerie dragon armour {Slay+4 Stlth+} (You took it off the Enchantress on level 5 of the Depths)
 88659 | Depths:5 | Reached skill level 10 in Necromancy
 88785 | Depths:5 | Your ally Enchantress died
 89837 | Depths:5 | Found a gate to the Realm of Zot.
 89897 | Zot:1    | Entered Level 1 of the Realm of Zot
 90695 | Zot:1    | Reached XP level 25. HP: 143/247 MP: 32/34
 94477 | Zot:2    | Noticed an orb of fire
 94481 | Zot:2    | Gained mutation: Your vision is a little blurry. [an orb of fire]
 94495 | Zot:2    | Gained mutation: Your magical capacity is low (-10% MP). [an orb of fire]
 94503 | Zot:2    | Killed an orb of fire
 94532 | Zot:2    | Lost mutation: Your magical capacity is low (-10% MP). [potion of cure mutation]
 94532 | Zot:2    | Lost mutation: Armour fits poorly on your strangely shaped body. [potion of cure mutation]
 94609 | Zot:2    | Reached XP level 26. HP: 243/256 MP: 34/34
 95469 | Zot:2    | Learned a level 6 spell: Death Channel
 96621 | Zot:1    | Reached skill level 15 in Necromancy
 97869 | Vaults:3 | Bought a wand of disintegration (13) for 272 gold pieces
 98789 | Zot:3    | Noticed magipi's ghost (legendary FoAK)
 99118 | Zot:3    | Killed magipi's ghost
 99817 | Zot:4    | Noticed an orb of fire
 99834 | Zot:4    | Gained mutation: Your magical capacity is low (-10% MP). [an orb of fire]
 99842 | Zot:4    | Killed an orb of fire
100046 | Zot:4    | Noticed an orb of fire
100079 | Zot:4    | Killed an orb of fire
100366 | Zot:4    | Reached XP level 27. HP: 205/258 MP: 26/31
100450 | Zot:4    | Noticed Vidiiot's ghost (great DDGl)
100462 | Zot:4    | Killed Vidiiot's ghost
101293 | Orc:4    | Bought a wand of digging (18) for 660 gold pieces
101393 | Elf:1    | Bought a meat ration for 60 gold pieces
101393 | Elf:1    | Bought a beef jerky for 18 gold pieces
101393 | Elf:1    | Bought a bread ration for 60 gold pieces
101393 | Elf:1    | Bought a slice of pizza for 18 gold pieces
101393 | Elf:1    | Bought a bread ration for 60 gold pieces
101393 | Elf:1    | Bought a slice of pizza for 18 gold pieces
101393 | Elf:1    | Bought a bread ration for 60 gold pieces
101393 | Elf:1    | Bought a meat ration for 60 gold pieces
101393 | Elf:1    | Bought a bread ration for 60 gold pieces
101393 | Elf:1    | Bought a meat ration for 60 gold pieces
101393 | Elf:1    | Bought a meat ration for 60 gold pieces
101393 | Elf:1    | Bought a meat ration for 60 gold pieces
102422 | Zot:4    | Noticed Tiamat
102565 | Zot:4    | Killed Tiamat
103352 | Zot:5    | Entered Level 5 of the Realm of Zot
103738 | Zot:4    | Your ally Tiamat died
104313 | Zot:5    | Noticed an ancient lich
104351 | Zot:5    | Killed an ancient lich
104367 | Zot:5    | Noticed an ancient lich
104394 | Zot:5    | Killed an ancient lich
104617 | Zot:5    | Reached skill level 15 in Armour
104681 | Zot:5    | Noticed an orb of fire
104738 | Zot:5    | Killed an orb of fire
104856 | Zot:5    | Noticed an ancient lich
104926 | Zot:5    | Killed an ancient lich
105108 | Zot:5    | Noticed an orb of fire
105138 | Zot:5    | Killed an orb of fire
105162 | Zot:5    | Noticed an orb of fire
105189 | Zot:5    | Killed an orb of fire
105361 | Zot:5    | Noticed an orb of fire
105361 | Zot:5    | Gained mutation: Your spells are a little easier to cast, but a little less powerful. [an orb of fire]
105625 | Zot:5    | Killed an orb of fire
105739 | Zot:5    | Noticed an orb of fire
105769 | Zot:5    | Gained mutation: Your spells are easier to cast, but less powerful. [an orb of fire]
105775 | Zot:5    | Killed an orb of fire
105911 | Zot:5    | Got the Orb of Zot
106119 | Depths:5 | Noticed Togoenig the pandemonium lord
106137 | Depths:5 | Noticed Ybicasiy the pandemonium lord
106508 | D:5      | Noticed Piadast the pandemonium lord
106611 | D:$      | Escaped with the Orb!

Action                   |  1- 3 |  4- 6 |  7- 9 | 10-12 | 13-15 | 16-18 | 19-21 | 22-24 | 25-27 || total
-------------------------+-------+-------+-------+-------+-------+-------+-------+-------+-------++-------
Melee: Club              |    49 |       |       |       |       |       |       |       |       ||    49
       Whip              |   102 |   248 |   419 |   167 |       |       |       |       |       ||   936
       Giant spiked club |       |       |    16 |   642 |  1523 |  1240 |  1552 |  1733 |  1660 ||  8366
 Fire: Blowgun           |       |       |    14 |     5 |    19 |    48 |     8 |       |       ||    94
Throw: Large rock        |     9 |     7 |    35 |    48 |   134 |   170 |   129 |   269 |   311 ||  1112
       Throwing net      |       |       |     1 |     1 |       |       |       |       |       ||     2
 Cast: Blink             |       |       |       |    19 |     1 |     3 |     1 |     3 |     5 ||    32
       Apportation       |       |       |       |       |     4 |    24 |     2 |     9 |     1 ||    40
       Animate Dead      |       |       |       |       |       |   117 |    88 |    52 |    64 ||   321
       Repel Missiles    |       |       |       |       |       |    14 |    18 |    12 |    16 ||    60
       Flight            |       |       |       |       |       |    14 |       |     1 |       ||    15
       Ozocubu's Armour  |       |       |       |       |       |     1 |       |       |       ||     1
       Regeneration      |       |       |       |       |       |       |    15 |    45 |    63 ||   123
       Haste             |       |       |       |       |       |       |     6 |    24 |    30 ||    60
       Death Channel     |       |       |       |       |       |       |       |       |     7 ||     7
Evoke: Wand              |       |       |     4 |    14 |    21 |    13 |    22 |    13 |    36 ||   123
       Phial of floods   |       |       |       |       |       |       |       |     2 |       ||     2
  Use: Scroll            |       |       |    13 |    17 |    11 |    16 |    12 |    17 |     7 ||    93
       Potion            |       |       |       |     4 |       |     2 |     6 |     8 |     7 ||    27
 Stab: Sleeping          |       |     1 |     1 |     6 |     8 |     8 |     1 |     6 |     2 ||    33
       Distracted        |       |       |     1 |       |     1 |    22 |    21 |    17 |    12 ||    74
  Eat: Chunk             |     2 |    11 |    15 |    31 |    38 |     6 |    34 |     8 |    18 ||   163
       Fruit             |       |       |       |    11 |     4 |    40 |       |       |     3 ||    58
       Royal jelly       |       |       |       |     2 |       |     4 |     2 |       |       ||     8
       Beef jerky        |       |       |       |     2 |     1 |     1 |     2 |     1 |     2 ||     9
       Pizza             |       |       |       |     1 |       |     2 |     1 |     1 |     2 ||     7
       Meat ration       |       |       |       |       |     2 |     1 |     4 |     9 |     9 ||    25
       Bread ration      |       |       |       |       |     1 |     5 |     6 |     8 |     8 ||    28

Action                   |  1- 3 |  4- 6 |  7- 9 | 10-12 | 13-15 | 16-18 | 19-21 | 22-24 | 25-27 || total
-------------------------+-------+-------+-------+-------+-------+-------+-------+-------+-------++-------
Melee: Club              |    49 |       |       |       |       |       |       |       |       ||    49
       Whip              |   102 |   248 |   419 |   167 |       |       |       |       |       ||   936
       Giant spiked club |       |       |    16 |   642 |  1523 |  1240 |  1552 |  1733 |  1660 ||  8366
 Fire: Blowgun           |       |       |    14 |     5 |    19 |    48 |     8 |       |       ||    94
Throw: Large rock        |     9 |     7 |    35 |    48 |   134 |   170 |   129 |   269 |   311 ||  1112
       Throwing net      |       |       |     1 |     1 |       |       |       |       |       ||     2
 Cast: Blink             |       |       |       |    19 |     1 |     3 |     1 |     3 |     5 ||    32
       Apportation       |       |       |       |       |     4 |    24 |     2 |     9 |     1 ||    40
       Animate Dead      |       |       |       |       |       |   117 |    88 |    52 |    64 ||   321
       Repel Missiles    |       |       |       |       |       |    14 |    18 |    12 |    16 ||    60
       Flight            |       |       |       |       |       |    14 |       |     1 |       ||    15
       Ozocubu's Armour  |       |       |       |       |       |     1 |       |       |       ||     1
       Regeneration      |       |       |       |       |       |       |    15 |    45 |    63 ||   123
       Haste             |       |       |       |       |       |       |     6 |    24 |    30 ||    60
       Death Channel     |       |       |       |       |       |       |       |       |     7 ||     7
Evoke: Wand              |       |       |     4 |    14 |    21 |    13 |    22 |    13 |    36 ||   123
       Phial of floods   |       |       |       |       |       |       |       |     2 |       ||     2
  Use: Scroll            |       |       |    13 |    17 |    11 |    16 |    12 |    17 |     7 ||    93
       Potion            |       |       |       |     4 |       |     2 |     6 |     8 |     7 ||    27
 Stab: Sleeping          |       |     1 |     1 |     6 |     8 |     8 |     1 |     6 |     2 ||    33
       Distracted        |       |       |     1 |       |     1 |    22 |    21 |    17 |    12 ||    74
  Eat: Chunk             |     2 |    11 |    15 |    31 |    38 |     6 |    34 |     8 |    18 ||   163
       Fruit             |       |       |       |    11 |     4 |    40 |       |       |     3 ||    58
       Royal jelly       |       |       |       |     2 |       |     4 |     2 |       |       ||     8
       Beef jerky        |       |       |       |     2 |     1 |     1 |     2 |     1 |     2 ||     9
       Pizza             |       |       |       |     1 |       |     2 |     1 |     1 |     2 ||     7
       Meat ration       |       |       |       |       |     2 |     1 |     4 |     9 |     9 ||    25
       Bread ration      |       |       |       |       |     1 |     5 |     6 |     8 |     8 ||    28

Action                   |  1- 3 |  4- 6 |  7- 9 | 10-12 | 13-15 | 16-18 | 19-21 | 22-24 | 25-27 || total
-------------------------+-------+-------+-------+-------+-------+-------+-------+-------+-------++-------
Melee: Club              |    49 |       |       |       |       |       |       |       |       ||    49
       Whip              |   102 |   248 |   419 |   167 |       |       |       |       |       ||   936
       Giant spiked club |       |       |    16 |   642 |  1523 |  1240 |  1552 |  1733 |  1660 ||  8366
 Fire: Blowgun           |       |       |    14 |     5 |    19 |    48 |     8 |       |       ||    94
Throw: Large rock        |     9 |     7 |    35 |    48 |   134 |   170 |   129 |   269 |   311 ||  1112
       Throwing net      |       |       |     1 |     1 |       |       |       |       |       ||     2
 Cast: Blink             |       |       |       |    19 |     1 |     3 |     1 |     3 |     5 ||    32
       Apportation       |       |       |       |       |     4 |    24 |     2 |     9 |     1 ||    40
       Animate Dead      |       |       |       |       |       |   117 |    88 |    52 |    64 ||   321
       Repel Missiles    |       |       |       |       |       |    14 |    18 |    12 |    16 ||    60
       Flight            |       |       |       |       |       |    14 |       |     1 |       ||    15
       Ozocubu's Armour  |       |       |       |       |       |     1 |       |       |       ||     1
       Regeneration      |       |       |       |       |       |       |    15 |    45 |    63 ||   123
       Haste             |       |       |       |       |       |       |     6 |    24 |    30 ||    60
       Death Channel     |       |       |       |       |       |       |       |       |     7 ||     7
Evoke: Wand              |       |       |     4 |    14 |    21 |    13 |    22 |    13 |    36 ||   123
       Phial of floods   |       |       |       |       |       |       |       |     2 |       ||     2
  Use: Scroll            |       |       |    13 |    17 |    11 |    16 |    12 |    17 |     7 ||    93
       Potion            |       |       |       |     4 |       |     2 |     6 |     8 |     7 ||    27
 Stab: Sleeping          |       |     1 |     1 |     6 |     8 |     8 |     1 |     6 |     2 ||    33
       Distracted        |       |       |     1 |       |     1 |    22 |    21 |    17 |    12 ||    74
  Eat: Chunk             |     2 |    11 |    15 |    31 |    38 |     6 |    34 |     8 |    18 ||   163
       Fruit             |       |       |       |    11 |     4 |    40 |       |       |     3 ||    58
       Royal jelly       |       |       |       |     2 |       |     4 |     2 |       |       ||     8
       Beef jerky        |       |       |       |     2 |     1 |     1 |     2 |     1 |     2 ||     9
       Pizza             |       |       |       |     1 |       |     2 |     1 |     1 |     2 ||     7
       Meat ration       |       |       |       |       |     2 |     1 |     4 |     9 |     9 ||    25
       Bread ration      |       |       |       |       |     1 |     5 |     6 |     8 |     8 ||    28
